 Dungeon Crawl Stone Soup version 0.31.0-32-g396128a36d (webtiles) character file.

Game seed: 9526859021785337264

943 roadie00 the Slasher (level 7, -3/13 (55) HPs)
             Began as a Demonspawn Berserker on Mar 15, 2024.
             Was a Follower of Trog.
             Slain by Jeremiah
             ... wielding a +2 trident of draining
              (5 damage)
             ... on level 6 of the Dungeon.
             The game lasted 00:24:50 (2915 turns).

roadie00 the Slasher (Demonspawn Berserker)         Turns: 2915, Time: 00:24:51

HP:   -3/13 (55)    AC: 14    Str: 17    XL:     7   Next: 88%
MP:   7/7           EV:  5    Int:  8    God:    Trog [*.....]
Gold: 230           SH:  4    Dex: 14    Spells: 6/6 levels left

rFire   x . .        a - +0 falchion
rCold   + . .        r - +0 buckler
rNeg    . . .        A - +0 plate armour
rPois   +            i - +0 helmet
rElec   .            (no cloak)
rCorr   .            (no gloves)
SInv    .            h - +0 pair of boots
Will    .....        y - amulet of regeneration Stlth
                     t - ring of ice
HPRegen 1.02/turn    w - ring of poison resistance
MPRegen 0.20/turn

%: no passive effects
@: extremely drained
A: ignite blood 1, magic regeneration, demonic touch 1
a: Renounce Religion, Berserk


You were on level 6 of the Dungeon.
You worshipped Trog.
Trog was aware of your devotion.
You visited 1 branch of the dungeon, and saw 6 of its levels.

You collected 230 gold pieces.

Inventory:

Hand Weapons
 a - a +0 falchion (weapon)
 j - a +0 spear
 k - a +0 sling
 p - the +7 quarterstaff "Diliawkejofi" {heavy, rN+ Str+3}
   (You found it on level 6 of the Dungeon)

   Str+3:     It affects your strength (+3).
   rN+:       It protects you from negative energy.
 s - a +0 short sword
 z - a +0 sling
Missiles
 u - 2 poisoned darts
 v - 5 datura-tipped darts
 x - 11 stones (quivered)
Armour
 b - a +0 animal skin
 f - a +0 ring mail
 g - a +0 ring mail
 h - a +0 pair of boots (worn)
 i - a +0 helmet (worn)
 n - a +2 leather armour of fire resistance
 r - a +0 buckler (worn)
 A - a +0 plate armour (worn)
 D - the +4 chain mail of Isoeg {-Tele rPois Int+2}
   (You found it on level 5 of the Dungeon)

   Int+2:     It affects your intelligence (+2).
   rPois:     It protects you from poison -Tele: It prevents most forms of
   teleportation.
Jewellery
 e - an amulet of the acrobat
 t - a ring of ice (left hand)
 w - a ring of poison resistance (right hand)
 y - an amulet of regeneration (around neck)
Scrolls
 c - 2 scrolls of teleportation
 q - a scroll of revelation
 B - a scroll of vulnerability {unknown}
Potions
 d - a potion of curing
 m - 3 potions of mutation
 o - a potion of enlightenment
 C - a potion of resistance {unknown}


   Skills:
 + Level 4.9 Fighting
 + Level 5.9 Long Blades
 + Level 1.2 Throwing
 + Level 4.1 Armour
 + Level 2.6 Dodging
 + Level 0.5 Stealth
 + Level 1.8 Shields


You had 6 spell levels left.
You didn't know any spells.
Your spell library was empty.

Dungeon Overview and Level Annotations

Branches:
Dungeon (6/15)             Temple (0/1) D:5

Altars:
Nemelex Xobeh
Ru
Trog

Shops:
D:1 (

Annotations:
D:6 Jeremiah


Innate Abilities, Weirdness & Mutations

Your demonic aura sometimes causes spilled blood to erupt in flames.
You regenerate magic rapidly.
Your touch may inflict minor irresistible damage on your foes.


Message History

The butterfly disappears in a burst of colours! x2
Jeremiah hits you from afar with a +2 trident of draining.
You feel drained.
You hit the butterfly.
You kill the butterfly!
The butterfly disappears in a burst of colours! x3
Jeremiah hits you but does no damage.
You feel drained.
The butterfly disappears in a burst of colours!
Jeremiah cries, "Fearful master, protect me!"
Something smites you!
Ouch! That really hurt!
You closely miss Jeremiah.
Jeremiah is heavily wounded.
Jeremiah hits you but does no damage.
You feel drained.
You hit Jeremiah.
Jeremiah is severely wounded.
The butterfly disappears in a burst of colours!
Jeremiah hits you with a +2 trident of draining.
* * * LOW HITPOINT WARNING * * *
You feel drained.
* * * LOW HITPOINT WARNING * * *
You feel much better.
Jeremiah hops!
The butterfly disappears in a burst of colours! x4
Jeremiah hits you but does no damage.
You feel drained.
You barely miss the butterfly.
Jeremiah hits you from afar with a +2 trident of draining.
You feel drained.
You completely miss the butterfly.
The butterfly disappears in a burst of colours!
You block Jeremiah's attack.
You closely miss the butterfly.
The butterfly disappears in a burst of colours!
Jeremiah mumbles a slurred invocation.
Something smites you!
Ouch! That really hurt!
* * * LOW HITPOINT WARNING * * *
The butterfly disappears in a burst of colours! x2
Jeremiah hits you with a +2 trident of draining.
You die...
Jeremiah asks, "Is it over?
Can I wake up now?"

....## ....## .#. ##
....## #... ##...
##....###..# #....
####..........#
#..b.##bFb........#
......bb@b........# .
#..#...#b...(....# ..
##.....b#.b..(....##...
#..†#..b.b.).........##
##..b†.b...............
#......................
##....b................
###.................##
###................#


You could see Jeremiah.

Vanquished Creatures
  The ghost of purpleHaze the Trooper, an amateur OpFi (D:4)
  2 ogres
  A centaur (D:5)
  3 scorpions
  2 bombardier beetles
  3 jellies
  2 hounds (D:6)
  2 orc wizards (D:4)
  3 adders
  A white imp (D:5)
  3 dart slugs
  A ribbon worm (D:2)
  4 orcs (D:4)
  5 bats
  4 endoplasms
  A giant cockroach (D:3)
  5 goblins
  2 hobgoblins
  2 jackals (D:5)
  A quokka (D:4)
  2 ball pythons (D:3)
  6 kobolds
  2 rats
58 creatures vanquished.

Notes
Turn   | Place    | Note
-------+----------+-------------------------------------------
     0 | D:1      | roadie00 the Demonspawn Berserker began the quest for the
                  | Orb.
     0 | D:1      | Reached XP level 1. HP: 18/18 MP: 1/1
   415 | D:1      | Found Gourphapp's Weapon Shoppe.
   562 | D:2      | Reached skill level 3 in Long Blades
   562 | D:2      | Gained mutation: You regenerate magic rapidly. [demonic
                  | ancestry]
   562 | D:2      | Reached XP level 2. HP: 19/24 MP: 2/2
   872 | D:3      | Reached XP level 3. HP: 29/29 MP: 3/3
   877 | D:3      | Found a bloodstained altar of Trog.
   877 | D:3      | Found a sparkling altar of Nemelex Xobeh.
  1171 | D:4      | Found a sacrificial altar of Ru.
  1202 | D:4      | Found a runed translucent door.
  1202 | D:4      | Noticed purpleHaze's ghost (amateur OpFi)
  1222 | D:4      | Killed purpleHaze's ghost
  1223 | D:4      | Reached skill level 4 in Long Blades
  1223 | D:4      | Reached skill level 1 in Throwing
  1223 | D:4      | Reached skill level 1 in Shields
  1223 | D:4      | Reached XP level 4. HP: 21/37 MP: 4/4
  1223 | D:4      | Reached XP level 5. HP: 24/42 MP: 5/5
  1390 | D:4      | Reached ** piety under Trog
  1532 | D:4      | Gained mutation: Your touch may inflict minor irresistible
                  | damage on your foes. [demonic ancestry]
  1532 | D:4      | Reached XP level 6. HP: 34/48 MP: 6/6
  2047 | D:5      | Entered Level 5 of the Dungeon
  2164 | D:5      | Found a staircase to the Ecumenical Temple.
  2246 | D:5      | Reached skill level 5 in Long Blades
  2246 | D:5      | Gained mutation: Your demonic aura sometimes causes spilled
                  | blood to erupt in flames. [demonic ancestry]
  2246 | D:5      | Reached XP level 7. HP: 54/55 MP: 7/7
  2351 | D:6      | Noticed Jeremiah
  2566 | D:5      | Identified the +4 chain mail of Isoeg {-Tele rPois Int+2}
  2825 | D:6      | Identified the +7 quarterstaff "Diliawkejofi" {heavy, rN+
                  | Str+3}
  2915 | D:6      | Slain by Jeremiah

Illustrated notes

Levels and vault maps discovered:
D:1:      zaba_arrival_water, layout_basic, serial_shops, shop
D:2:      layout_rooms, chequers_ecumenical_altar_island
D:3:      layout_basic, mainiacjoe_overflow_divided_tiny, minmay_misc_feat_tower
D:4:      layout_basic, kennysheep_little_box, hellmonk_ghost_happy_afterlife
D:5:      layout_basic, minmay_temple_entry_glassed_door
D:6:      kennysheep_slugbush, layout_cave_pools, uniq_duvessa, uniq_jeremiah

Skill      XL: |  1  2  3  4  5  6  7 |
---------------+----------------------+-----
Long Blades    | 3 4 5 |  5.9
Fighting       | 4 |  4.9
Throwing       | 1 |  1.2
Armour         | 2 3 4 |  4.1
Dodging        | 2 |  2.6
Shields        | 1 |  1.8
Stealth        | |  0.5

Action                     |  1- 3 |  4- 6 |  7- 9 || total
---------------------------+-------+-------+-------++-------
  Melee: Falchion          |    98 |   123 |    70 ||   291
  Throw: Stone             |    13 |       |     2 ||    15
         Javelin           |     2 |     2 |     3 ||     7
 Invoke: Berserk           |     2 |     3 |     2 ||     7
         Trog's Hand       |       |     1 |     2 ||     3
    Use: Scroll            |     3 |     5 |     2 ||    10
         Potion            |       |     4 |     1 ||     5
 Armour: Animal skin       |     6 |       |       ||     6
         Ring mail         |    39 |    22 |       ||    61
         Plate armour      |       |   103 |    98 ||   201
  Dodge: Dodged            |    77 |    45 |    23 ||   145
  Block: Buckler           |     1 |    18 |    10 ||    29
